 Dungeon Sprint DCSS version 0.31-a0-507-gbafd7f5274 (webtiles) character file.

Game seed: 6197142606031917631

1179 hellse the Grappler (level 8, 0/92 HPs)
             Began as a Troll Shapeshifter on Aug 9, 2023.
             Was an Initiate of Gozag.
             Slain by Erica
             ... wielding a +4 scimitar of flaming
              (6 damage)
             ... in the Dungeon (Sprint III: "The Ten Rune Challenge").
             The game lasted 00:01:51 (350 turns).

hellse the Grappler (Troll Shapeshifter)             Turns: 350, Time: 00:01:52

Health: 0/92       AC:  4    Str: 24    XL:     8   Next: 18%
Magic:  7/7        EV: 10    Int:  4    God:    Gozag
Gold:   575        SH:  0    Dex: 12    Spells: 7/7 levels left

rFire   . .          .
                       - Unarmed
rCold   . . .        (shield currently unavailable)
rNeg    . . .        a - +0 animal skin
rPois   .            (helmet restricted)
rElec   .            (no cloak)
rCorr   .            (gloves unavailable)
SInv    .            (boots unavailable)
Will    .....        (no amulet)
Stlth   +            (no ring)
HPRegen 1.15/turn    (no ring)
MPRegen 0.10/turn

%: no teleportation
@: flux-form, glowing
A: glow, contaminating, large, unfitting armour, claws 3, regeneration 1, shaggy
fur 1, tough skin 1
a: Begin Untransformation, Renounce Religion, Potion Petition, Call Merchant,
Bribe Branch


You were in the Dungeon.
You worshipped Gozag.
Gozag was pleased with you.
You were something dangerously unstable.
You visited 1 branch You collected 575 gold pieces.

Inventory:

Armour
 a - a +0 animal skin (worn)
 b - a scarf of resistance
Talismans
 c - a beast talisman
 d - a flux talisman (active)
Wands
 p - a wand of acid (12)
 q - a wand of charming (1)
Scrolls
 j - a scroll of blinking
 l - 2 scrolls of torment {unknown}
 m - 2 scrolls of identify {unknown}
Potions
 e - 3 potions of curing
 f - a potion of heal wounds
 g - a potion of haste
 h - 2 potions of magic
 i - a potion of berserk rage
 k - 2 potions of mutation {unknown}
 n - 3 potions of enlightenment
 o - 2 potions of cancellation {unknown}


   Skills:
 + Level 9.0 Fighting
 - Level 1.5 Dodging
 + Level 10.9 Unarmed Combat
 + Level 9.3 Shapeshifting


You had 7 spell levels left.
You didn't know any spells.
Your spell library contained the following spells:

 Spells                   Type           Power      Damage    Failure   Level
 Wereblood                Tmut           0%         N/A       65%         2
 Irradiate                Conj/Tmut      0%         3d11      100%        5


Dungeon Overview and Level Annotations

Branches:
Dungeon (1/1)

Altars:
Cheibriados
Dithmenos
Elyvilon
Fedhas
Gozag
Hepliaklqana
Kikubaaqudgha
Makhleb
Nemelex Xobeh
Okawaru
Qazlal
Ru
Sif Muna
Trog
Uskayaw
Vehumet
Wu Jian
Xom
Yredelemnul
Zin
The Shining One
Jiyva
Lugonu

Annotations:
D Erica


Innate Abilities, Weirdness & Mutations

You are something dangerously unstable.
You glow with magical radiation, making you easy to see and hit.
Foes you strike become dangerously contaminated with magical radiation.
You are incapable of wielding weapons or throwing items.
You are too large for most types of armour.
You have claws for hands.
Your natural rate of healing is unusually fast.
You are covered in fur. (AC +1)
You have tough skin. (AC +1)


Message History

Erica burns you.
You closely miss Erica.
Erica hits you with a +4 scimitar of flaming!
Erica burns you.
You completely miss Erica. Erica completely misses you.
You scratch Erica but do no damage.
Erica begins to glow.
Erica barely misses you.
You claw Erica!
Erica glows dangerously bright.
Erica is lightly wounded.
You scratch Erica but do no damage.
Erica shudders as magic cascades through her!!
Erica twists and deforms.
Erica is heavily wounded.
Erica hits you with a +4 scimitar of flaming!
Erica burns you.
You scratch Erica.
Erica begins to glow.
Erica is heavily wounded.
Erica hits you but does no damage.
You scratch Erica.
Erica glows dangerously bright.
Erica is heavily wounded.
Erica gestures wildly while chanting.
Erica flickers and vanishes for a moment.
You mangle Erica!!
Erica shudders as magic cascades through her.
Erica twists and deforms.
Something hits you! Something burns you.
Deactivating autopickup; reactivate with Ctrl-A.
You closely miss something. You barely miss something.
You hear some strange, mumbled words.
A lance of force appears from out of thin air!
The lance of force hits you!!
* * * LOW HITPOINT WARNING * * *
You are knocked back by the lance of force.
You slam into the stone wall!
* * * LOW HITPOINT WARNING * * *
Something hits you!
* * * LOW HITPOINT WARNING * * *
Something burns you.
You die...
Your body crumbles into a pile of gold. .#.).#__.#._#$ $ .###'#'###)##$ $ .#..........#$ .'.⌠........#$$ $ $$$$

.#...######'#$ $$
.#.⌠.#__#...#+#####
.#...#__#...#..~~~+
.#'###__#...#.#§§§#
.#.).#__#...'.#{B§#
.#___#__'...#.#§§§#
▓▓▓▓▓▓▓▓▓▓▓▓▓▓▓▓▓▓▓
$$


There were no monsters in sight!

Vanquished Creatures
  A deep elf pyromancer (D)
  A shadow (D)
  A spatial vortex (D)
  A necrophage (D)
  A water elemental (D)
  A jelly (D)
  Jessica (D)
  A wizard (D)
  A necromancer (D)
  A kobold demonologist (D)
  3 humans (D)
  A phantom (D)
  2 endoplasms (D)
16 creatures vanquished.

Notes
Turn   | Place    | Note
-------+----------+-------------------------------------------
     0 | D        | hellse the Troll Shapeshifter began the quest for the Orb.
     0 | D        | Reached XP level 1. HP: 18/18 MP: 0/0
     4 | D        | Reached skill level 1 in Fighting
    13 | D        | Noticed Jessica
    19 | D        | Killed Jessica
    20 | D        | Reached skill level 4 in Unarmed Combat
    20 | D        | Reached XP level 2. HP: 24/29 MP: 1/1
    20 | D        | Reached XP level 3. HP: 29/36 MP: 2/2
    78 | D        | Reached skill level 5 in Unarmed Combat
   106 | D        | Noticed a water elemental
   111 | D        | Killed a water elemental
   112 | D        | Reached skill level 6 in Unarmed Combat
   112 | D        | Reached skill level 5 in Shapeshifting
   112 | D        | Reached XP level 4. HP: 15/49 MP: 3/3
   130 | D        | Found an ornate altar of the Wu Jian Council.
   130 | D        | Noticed a human
   130 | D        | Noticed a human
   131 | D        | Found a hide-covered altar of Uskayaw.
   131 | D        | Found a bloodstained altar of Trog.
   148 | D        | Killed a human
   149 | D        | Reached skill level 5 in Fighting
   149 | D        | Reached skill level 7 in Unarmed Combat
   149 | D        | Reached XP level 5. HP: 59/59 MP: 4/4
   155 | D        | Killed a human
   156 | D        | Reached skill level 8 in Unarmed Combat
   156 | D        | Reached XP level 6. HP: 38/68 MP: 5/5
   207 | D        | Found an iron altar of Okawaru.
   219 | D        | Noticed a shadow
   222 | D        | Killed a shadow
   223 | D        | Reached skill level 9 in Unarmed Combat
   223 | D        | Reached XP level 7. HP: 77/78 MP: 6/6
   227 | D        | Found a blossoming altar of Fedhas.
   227 | D        | Found a stormy altar of Qazlal.
   228 | D        | Found a snail-covered altar of Cheibriados.
   228 | D        | Found a burning altar of Makhleb.
   228 | D        | Found a hazy altar of Hepliaklqana.
   228 | D        | Found a shimmering altar of Xom.
   228 | D        | Found an opulent altar of Gozag.
   228 | D        | Found a sparkling altar of Nemelex Xobeh.
   228 | D        | Found a corrupted altar of Lugonu.
   228 | D        | Found a viscous altar of Jiyva.
   228 | D        | Noticed a spatial vortex
   232 | D        | Became a worshipper of Gozag Ym Sagoz the Greedy
   240 | D        | Killed a spatial vortex
   265 | D        | Found a glowing silver altar of Zin.
   265 | D        | Found a glowing golden altar of the Shining One.
   265 | D        | Found a white marble altar of Elyvilon.
   265 | D        | Noticed a deep elf pyromancer
   268 | D        | Noticed a fire elemental
   268 | D        | Killed a deep elf pyromancer
   269 | D        | Reached skill level 10 in Unarmed Combat
   269 | D        | Reached XP level 8. HP: 87/89 MP: 7/7
   283 | D        | Found a radiant altar of Vehumet.
   283 | D        | Found a shimmering blue altar of Sif Muna.
   283 | D        | Found an ancient bone altar of Kikubaaqudgha.
   307 | D        | Found a basalt altar of Yredelemnul.
   307 | D        | Found a shadowy altar of Dithmenos.
   307 | D        | Found a sacrificial altar of Ru.
   329 | D        | Noticed Erica
   350 | D        | Slain by Erica

Illustrated notes

Levels and vault maps discovered:
D:        dungeon_sprint_mu [sprint_mu_entry_forest, sprint_mu_temple_rooms,
          sprint_mu_d1_horrors, sprint_mu_d2_genie, sprint_mu_d3_branching,
          sprint_mu_orc_legion, sprint_mu_elf_gauntlet, sprint_mu_hive_nellie,
          sprint_mu_lair_fedhas, sprint_mu_vaults_butterflies,
          sprint_mu_slime_circle, sprint_mu_swamp_cave, sprint_mu_snake_twists,
          sprint_mu_blade_basic, sprint_mu_crypt_fortress,
          sprint_mu_tomb_spiral, sprint_mu_vestibule_basic,
          sprint_mu_gehenna_hellfire, sprint_mu_dis_giant,
          sprint_mu_tartarus_statrot, sprint_mu_cocytus_islands, sprint_mu_zot1]

Skill      XL: |  1  2  3  4  5  6  7  8 |
---------------+-------------------------+-----
Fighting       | 2 4 5 6 7 8 9 |  9.0
Unarmed Combat | 4 6 7 8 9 10 | 10.9
Shapeshifting  | 4 5 6 7 9 |  9.3
Dodging        | |  1.5

Action                     |  1- 3 |  4- 6 |  7- 9 || total
---------------------------+-------+-------+-------++-------
  Melee: Unarmed           |    30 |    18 |    27 ||    75
         Punch             |       |       |     2 ||     2
    Use: Potion            |       |     1 |       ||     1
 Armour: Animal skin       |     6 |       |     2 ||     8
         Skin              |       |    11 |       ||    11
  Dodge: Dodged            |    11 |       |     9 ||    20
   Form: Flux              |       |       |     1 ||     1

Table legend: (Time is in decaauts)
 A = Elapsed time spent in this place.
 B = Non-inter-level travel time spent in this place.
 C = Inter-level travel time spent in this place.
 D = Time resting spent in this place.
 E = Time spent auto-exploring this place.
 F = Levels seen in this place.
 G = Mean time per level.
                   A        B        C        D        E       F      G
               +--------+--------+--------+--------+--------+-----+--------+
         Total |    339 |    339 |      0 |     60 |     28 |   1 |  339.0 |
       Dungeon |    339 |    339 |      0 |     60 |     28 |   1 |  339.0 |
               +--------+--------+--------+--------+--------+-----+--------+

Top non-repeatable levels by time:
       D: 339 daAuts
